 Dungeon Crawl Stone Soup version 0.17.1-1-g73c8601 (webtiles) character file.

65 JustSomeDude the Insei (level 4, -2/42 HPs)
             Began as a Naga Monk on Jan 1, 2016.
             Slain by a gnoll
             ... wielding a +0 halberd
              (9 damage)
             ... on level 2 of the Dungeon.
             The game lasted 00:04:19 (1531 turns).

JustSomeDude the Insei (Naga Monk)                  Turns: 1531, Time: 00:04:20

Health: -2/42      AC:  3    Str: 13    XL:     4   Next: 13%
Magic:  4/4        EV: 11    Int: 10    God:
Gold:   47         SH:  0    Dex: 15    Spells: 0 memorised, 3 levels left

rFire  . . .     SeeInvis +     g - +2 dagger (venom)
rCold  . . .     Clarity  .     a - +1 robe
rNeg   . . .     SustAt   .     (no shield)
rPois  +         Gourm    .     (no helmet)
rElec  .         Spirit   .     (no cloak)
rCorr  .         Warding  .     (no gloves)
rMut   .         Stasis   .     (no barding)
MR     .....                    (no amulet)
Stlth  +++.......               (no ring)
                                (no ring)

@: very slow, not resistant to hostile enchantments, fairly stealthy
A: see invisible, deformed body, poison resistance, slowness 2, slow metabolism
1, spit poison 2, AC +1
a: Spit Poison


You were on level 2 of the Dungeon.
You were very hungry.

You visited 1 branch of the dungeon, and saw 2 of its levels.

You collected 47 gold pieces.

Inventory:

Hand Weapons
 g - a +2 dagger of venom (weapon)
Armour
 a - a +1 robe (worn)
Jewellery
 d - a +3 ring of strength
Scrolls
 f - a scroll of identify
Comestibles
 b - 2 bread rations
 h - a meat ration


   Skills:
 + Level 3.4 Fighting
 + Level 0.2 Short Blades
 + Level 3.2 Dodging
 + Level 3.6 Stealth
 + Level 4.4 Unarmed Combat


You had 3 spell levels left.
You didn't know any spells.

Dungeon Overview and Level Annotations

Branches:
Dungeon (2/15)

Altars:
Kikubaaqudgha


Innate Abilities, Weirdness & Mutations

You cannot wear boots.
Your serpentine skin is tough (AC +1).
You have supernaturally acute eyesight.
Armour fits poorly on your strangely shaped body.
Your system is resistant to poisons.
You cover ground very slowly.
You have a slow metabolism.
You can spit poison.


Message History

Read which item? (? for menu, Esc to quit)
As you read the scroll labeled SYOMERHO WESCH, it crumbles to dust.
It is a scroll of enchant armour.
Enchant which item? (? for menu, Esc to quit)
Your +0 robe glows green for a moment.
Read which item? (? for menu, Esc to quit)
As you read the scroll labeled BOOCSO URAMEVY, it crumbles to dust.
You feel blessed for a moment.
It was a scroll of remove curse.
The gnoll hits you with a flail.
* * * LOW HITPOINT WARNING * * *
The gnoll hits you but does no damage.
Unknown command.
Read which item? (? for menu, Esc to quit)
As you read the scroll labeled ACEAGOECWA, it crumbles to dust.
It is a scroll of identify.
Identify which item? (\ to view known items) (? for menu, Esc to quit)
d - a +3 ring of strength The gnoll closely misses you.
The gnoll hits you from afar with a halberd!
You die...

#............########
#.##########........# ###.###
########.# #.....# #.#
########.#.#.##### #.#
...#......)......# ##.##
##.#.###.#.#.###.# #...##
##.............#.# #..>.#
....###.######.#@# #....#
##..##.##.## #.#g# ####.#
##..#.###..# #.#g# #.#
#)..#.#..(####..g# #.#
##..##.##...##.###############.#
##..#.#....88#...............#.#
..#.###.##...#.g...#########.#.#
#.#.##.....)..)###.# #.#.#
#.#.##..###))#.###.# #.#.#


You could see 2 gnolls and a goblin.

Vanquished Creatures
  An adder (D:2)
  A gnoll (D:2)
  A worm (D:2)
  3 giant geckos
  3 orcs (D:2)
  2 giant cockroaches (D:1)
  8 goblins
  6 hobgoblins (D:2)
  3 jackals (D:2)
  3 bats
  2 giant newts
  4 kobolds
  A rat (D:2)
38 creatures vanquished.

Vanquished Creatures (others)
  2 goblins (D:1)
2 creatures vanquished.

Grand Total: 40 creatures vanquished

Notes
Turn   | Place    | Note
--------------------------------------------------------------
     0 | D:1      | JustSomeDude the Naga Monk began the quest for the Orb.
     0 | D:1      | Reached XP level 1. HP: 21/21 MP: 1/1
   179 | D:1      | Reached XP level 2. HP: 17/28 MP: 2/2
   865 | D:2      | Reached XP level 3. HP: 23/34 MP: 3/3
  1329 | D:2      | Found an ancient bone altar of Kikubaaqudgha.
  1522 | D:2      | Reached XP level 4. HP: 17/42 MP: 4/4
  1531 | D:2      | Slain by a gnoll

Action                   |  1- 3 |  4- 6 || total
-------------------------+-------+-------++-------
Melee: Unarmed           |    45 |       ||    45
       Dagger            |    80 |     1 ||    81
  Use: Potion            |     2 |       ||     2
       Scroll            |       |     3 ||     3
 Stab: Sleeping          |     4 |       ||     4
